 Dungeon Crawl Stone Soup version 0.23.2-11-gf996548 (webtiles) character file.

Game seed: 702801057834032782

3761 IBeShadow the Skirmisher (level 9, -2/76 (79) HPs)
             Began as a White Draconian Fire Elementalist on June 3, 2019.
             Slain by a killer bee (5 damage)
             ... on level 8 of the Dungeon.
             The game lasted 00:24:28 (11268 turns).

IBeShadow the Skirmisher (DrFE)                    Turns: 11268, Time: 00:24:28

HP:   -2/76 (79)    AC:  8    Str: 10    XL:     9   Next: 94%
MP:   4/15          EV: 12    Int: 19    God:
Gold: 1498          SH:  0    Dex: 12    Spells: 8/16 levels left

rFire    . . .     SeeInvis .   v - +2 dagger (elec)
rCold    + . .     Gourm    .   (no shield)
rNeg     + . .     Faith    .   (armour unavailable)
rPois    +         Spirit   .   o - +1 hat
rElec    .         Reflect  .   (no cloak)
rCorr    .         Harm     .   (no gloves)
MR       .....                  (no boots)
Stlth    ++........             (no amulet)
HPRegen  0.22/turn              a - ring of positive energy
MPRegen  0.14/turn              l - ring of flight

@: no status effects
A: breathe frost, unfitting armour, cold resistance 1, poison resistance,
cold-blooded, AC +7
a: Breathe Frost, Evoke Flight


You were on level 8 of the Dungeon.
You were not hungry.

You visited 1 branch of the dungeon, and saw 8 of its levels.
You also visited: Ossuary and Bailey.

You collected 1498 gold pieces.

Inventory:

Hand Weapons
 c - a +0 trident
 t - the +4 short sword "Tiown" {drain, Dex+2}
   (You found it on level 4 of the Dungeon)

   A truly terrible weapon, it drains the life of those it strikes.
   It affects your dexterity (+2).
 v - a +2 dagger of electrocution (weapon)
Missiles
 x - 33 tomahawks of returning (quivered)
Armour
 o - a +1 hat (worn)
Jewellery
 a - a ring of positive energy (left hand)
 l - a ring of flight (right hand)
 n - an uncursed ring of ice
Wands
 A - a wand of polymorph (5)
Scrolls
 d - a scroll of noise {unknown}
 e - a scroll of blinking {unknown}
 g - 3 scrolls of enchant weapon
 j - 4 scrolls of magic mapping
 m - 5 scrolls of identify
 p - 8 scrolls of remove curse
 q - 4 scrolls of enchant armour
 r - 4 scrolls of fog
 s - 5 scrolls of teleportation
 w - a scroll of amnesia
 z - a scroll of fear
Potions
 f - 3 potions of curing
 h - 4 potions of berserk rage {unknown}
 i - 5 potions of agility
 k - 2 potions of flight {unknown}
 u - a potion of ambrosia {unknown}
Comestibles
 b - 13 rations


   Skills:
 + Level 7.3 Fighting
 + Level 4.7 Short Blades
 - Level 1.7 Dodging
 - Level 1.7 Stealth
 + Level 4.3 Spellcasting
 + Level 6.8 Conjurations
 - Level 2.6 Hexes
 + Level 6.2 Fire Magic
 - Level 3.6 Ice Magic


You had 8 spell levels left.
You knew the following spells:

 Your Spells              Type           Power        Failure   Level  Hunger
a - Flame Tongue          Conj/Fire      ####.        1%          1    None
b - Throw Flame           Conj/Fire      ####..       1%          2    #......
c - Conjure Flame         Conj/Fire      ####....     2%          3    ###....
d - Ensorcelled Hibernat  Hex/Ice        ###...       5%          2    #......

Your spell library contained the following spells:

 Spells                   Type           Power        Failure   Level  Hunger
 Corona                   Hex            ##.....      4%          1    None
 Dazzling Spray           Conj/Hex       ###...       5%          3    ###....
 Inner Flame              Hex/Fire       ###.....     6%          3    ###....
 Sticky Flame             Conj/Fire      ####....     9%          4    ####...
 Animate Skeleton         Necr           N/A          13%         1    None
 Pain                     Necr           #...         13%         1    None
 Confuse                  Hex            ##......     13%         3    ###....
 Tukima's Dance           Hex            ##......     13%         3    ###....
 Fireball                 Conj/Fire      ####......   26%         5    ######.
 Regeneration             Chrm/Necr      #.........   36%         3    ###....
 Vampiric Draining        Necr           #.........   36%         3    ###....
 Animate Dead             Necr           N/A          78%         4    ####...


Dungeon Overview and Level Annotations

Branches:
Dungeon (8/15)             Temple (0/1) D:5
   Lair: D:8-11

Altars:
Dithmenos
Fedhas
Qazlal
Trog
Yredelemnul

Shops:
D:4 %

Annotations:
D:5 Blork the orc
D:6 3 runed translucent doors, Spectrina's ghost, amateur VSIE


Innate Abilities, Weirdness & Mutations

You can breathe waves of freezing cold.
You can buffet flying creatures when you breathe cold.
Your icy white scales are hard. (AC +7)
You cannot fit into any form of body armour.
Your flesh is cold resistant. (rC+)
You are cold-blooded and may be slowed by cold attacks.
Your system is resistant to poisons. (rPois)


Message History

Press: ? - help, Shift-Dir - straight line, f/p - queen bee
Aim: a queen bee (heavily wounded)
The puff of flame hits the queen bee.
The queen bee is heavily wounded.
Okay, then.
The worker ant bites you.
* * * LOW HITPOINT WARNING * * *
The worker ant closely misses you.
There is a stone staircase leading down here.
The worker ant bites you but does no damage.
The killer bee buzzes angrily.
The adder hisses angrily.
The killer bee stings you!
* * * LOW HITPOINT WARNING * * *
The killer bee barely misses you.
The killer bee stings you but does no damage.
The killer bee stings you.
* * * LOW HITPOINT WARNING * * *
The killer bee stings you.
You die...

##..#.....# #8....∩....8...S.
#..#.....# #.......y...#####
#####.#.....# #.......y...#
......#.....# #..8.....8..#
..###.......#####.S...8.....#
#.#.#.#.................##
####.#..............#......#
.....#..............#......#
..........^....y@..........#
.........#.##..ay..........#
.......#...................#
.......#...#y#.#'#'##......#
...<...#...#.#.#.#.##......#
########...#.....#.#########
..........y...#.#.#
#######..y#..####.#
..........#..#..#.#


You could see a queen bee, a worker ant, 2 killer bees and an adder.

Vanquished Creatures
  An orc knight (Bailey)
  A gargoyle (D:8)
  Sigmund (D:2)
  Duvessa (D:6)
  A sky beast (D:5)
  6 orc warriors (Bailey)
  A necrophage (D:7)
  2 phantoms
  An ice beast (D:5)
  4 bullfrogs
  Dowan (D:6)
  3 killer bees (D:8)
  2 howler monkeys
  2 crimson imps
  2 orc priests (D:6)
  4 hounds
  A gnoll shaman (D:6)
  7 orc wizards
  A centaur skeleton (D:6)
  5 iguanas
  3 worker ants
  2 hound skeletons
  13 mummies (Ossuary)
  A howler monkey zombie (D:6)
  7 gnolls
  8 adders
  2 shadow imps
  3 oozes
  An adder zombie (D:5)
  A dart slug (D:5)
  6 leopard geckos
  24 orcs
  2 giant cockroaches
  2 gnoll zombies (D:4)
  4 goblins
  13 hobgoblins
  7 jackals
  21 kobolds
  3 quokkas
  4 bats
  4 frilled lizards
  A giant cockroach zombie (D:6)
  A gnoll skeleton (Ossuary)
  2 goblin zombies (D:6)
  3 kobold skeletons (Ossuary)
  A leopard gecko skeleton (D:6)
  4 orc skeletons (Ossuary)
  A quokka skeleton (D:7)
  26 rats
  11 rat skeletons (Ossuary)
228 creatures vanquished.

Vanquished Creatures (others)
  2 plants (D:7)
2 creatures vanquished.

Grand Total: 230 creatures vanquished

Notes
Turn   | Place    | Note
-------+----------+-------------------------------------------
     0 | D:1      | IBeShadow the Draconian Fire Elementalist began the quest
                  | for the Orb.
     0 | D:1      | Reached XP level 1. HP: 14/14 MP: 3/3
   251 | D:1      | Reached skill level 1 in Fighting
   251 | D:1      | Reached XP level 2. HP: 16/23 MP: 5/5
   824 | D:1      | Reached XP level 3. HP: 28/28 MP: 6/6
  1320 | D:2      | Reached skill level 2 in Fighting
  1620 | D:2      | Found a stormy altar of Qazlal.
  1664 | D:2      | Reached XP level 4. HP: 36/36 MP: 7/7
  1787 | D:2      | Noticed Sigmund
  1796 | D:2      | Learned a level 2 spell: Throw Flame
  1800 | D:2      | Learned a level 3 spell: Conjure Flame
  1835 | D:2      | Killed Sigmund
  1835 | D:2      | Reached skill level 3 in Fighting
  1835 | D:2      | Reached XP level 5. HP: 20/45 MP: 0/8
  2896 | D:3      | Reached XP level 6. HP: 30/51 MP: 1/9
  3038 | D:3      | Found a shadowy altar of Dithmenos.
  3390 | D:4      | Reached skill level 4 in Fighting
  3429 | D:4      | Found Plog's Food Shop.
  3570 | D:4      | Reached skill level 5 in Fire Magic
  3985 | D:4      | Learned a level 2 spell: Ensorcelled Hibernation
  4311 | D:4      | Found a basalt altar of Yredelemnul.
  4401 | D:4      | Got a shimmering short sword
  4402 | D:4      | Identified the +4 short sword "Tiown" {drain, Dex+2} (You
                  | found it on level 4 of the Dungeon)
  4430 | D:5      | Entered Level 5 of the Dungeon
  4602 | D:5      | Your scales start taking on an icy white colour.
  4602 | D:5      | Reached skill level 1 in Ice Magic
  4602 | D:5      | Reached XP level 7. HP: 57/60 MP: 10/10
  4602 | D:5      | Gained mutation: Your flesh is cold resistant. (rC+) [White
                  | Draconian growth]
  4684 | D:5      | Reached skill level 1 in Hexes
  5101 | D:5      | Found a staircase to the Ecumenical Temple.
  5108 | D:5      | Noticed Blork the orc
  5148 | D:5      | Gained mutation: You tend to lose your temper in combat.
                  | [potion of mutation]
  5148 | D:5      | Gained mutation: You do not regenerate when monsters are
                  | visible. [potion of mutation]
  5148 | D:5      | Gained mutation: Scrolls take you a little longer to read.
                  | [potion of mutation]
  5148 | D:5      | Gained mutation: You evolve. [potion of mutation]
  5151 | D:5      | HP: 1/60 [Blork the orc/+0 halberd of freezing (3)]
  5176 | D:5      | HP: 1/60 [Blork the orc/puff of flame (8)]
  5495 | D:5      | You fall through a shaft!
  5684 | D:6      | Reached skill level 5 in Fighting
  5743 | D:6      | Reached skill level 1 in Short Blades
  5743 | D:6      | Reached XP level 8. HP: 34/68 MP: 3/11
  5848 | D:6      | Found a sand-covered staircase.
  5857 | Ossuary  | Entered an ossuary
  6494 | Ossuary  | Lost mutation: Scrolls take you a little longer to read.
                  | [potion of mutation]
  6494 | Ossuary  | Lost mutation: You evolve. [potion of mutation]
  6494 | Ossuary  | Lost mutation: You tend to lose your temper in combat.
                  | [potion of mutation]
  6494 | Ossuary  | Lost mutation: You do not regenerate when monsters are
                  | visible. [potion of mutation]
  6494 | Ossuary  | Gained mutation: Your spells are a little easier to cast,
                  | but a little less powerful. [potion of mutation]
  6494 | Ossuary  | Gained mutation: Your tail ends in a poisonous barb.
                  | [potion of mutation]
  6494 | Ossuary  | Gained mutation: Your flesh is heat resistant. (rF+)
                  | [potion of mutation]
  6721 | Ossuary  | Reached skill level 5 in Conjurations
  6755 | Ossuary  | Lost mutation: Your tail ends in a poisonous barb. [potion
                  | of mutation]
  6755 | Ossuary  | Lost mutation: Your flesh is heat resistant. (rF+) [potion
                  | of mutation]
  6755 | Ossuary  | Lost mutation: Your spells are a little easier to cast, but
                  | a little less powerful. [potion of mutation]
  6755 | Ossuary  | Gained mutation: Your system is resistant to poisons.
                  | (rPois) [potion of mutation]
  7063 | D:6      | Found a runed translucent gate.
  7063 | D:6      | Found a runed translucent gate.
  7064 | D:6      | Found a runed translucent gate.
  7065 | D:6      | Noticed Spectrina's ghost (amateur VSIE)
  7065 | D:6      | Noticed a kobold demonologist
  7066 | D:6      | Identified the +10 short sword "Loawaith" {venom, +Inv}
  7127 | D:5      | Reached skill level 5 in Fire Magic
  7747 | D:6      | Noticed Dowan
  7749 | D:6      | Noticed Duvessa
  7759 | D:6      | Killed Dowan
  7764 | D:6      | Killed Duvessa
  7984 | D:6      | Reached skill level 6 in Fighting
  8534 | D:7      | Reached XP level 9. HP: 42/73 MP: 13/13
  9003 | D:7      | Found a blossoming altar of Fedhas.
  9280 | D:7      | Found a bloodstained altar of Trog.
  9576 | D:8      | Found a flagged portal.
  9597 | Bailey   | Entered a bailey
  9752 | Bailey   | Noticed an orc knight
 10216 | Bailey   | Killed an orc knight
 10216 | Bailey   | Reached skill level 7 in Fighting
 11187 | D:8      | Noticed a gargoyle
 11204 | D:8      | Killed a gargoyle
 11204 | D:8      | Noticed a queen bee
 11268 | D:8      | HP: 3/76 [killer bee (4)]
 11268 | D:8      | Slain by a killer bee

Skill      XL: |  1  2  3  4  5  6  7  8  9 |
---------------+----------------------------+-----
Fighting       | 1 2 3 4 5 6 7 |  7.3
Conjurations   | 2 3 4 5 6 |  6.8
Fire Magic     | 4 4 5 6 |  6.2
Ice Magic      | 1 2 3 |  3.6
Hexes          | 2 |  2.6
Short Blades   | 1 3 4 |  4.7
Spellcasting   | 4 |  4.3
Dodging        | |  1.7
Stealth        | |  1.7

Action                   |  1- 3 |  4- 6 |  7- 9 || total
-------------------------+-------+-------+-------++-------
Melee: Unarmed           |    35 |       |       ||    35
       Tailslap          |     8 |    19 |    46 ||    73
       Short sword       |    30 |    11 |   241 ||   282
       Spear             |    63 |    63 |       ||   126
       Trident           |       |   147 |    66 ||   213
       Dagger            |       |       |   139 ||   139
Throw: Tomahawk          |       |       |     7 ||     7
 Cast: Flame Tongue      |    15 |    23 |    82 ||   120
       Throw Flame       |       |    14 |    47 ||    61
       Ensorcelled Hiber |       |     2 |    10 ||    12
       Conjure Flame     |       |       |     6 ||     6
 Abil: Breathe Frost     |       |       |     5 ||     5
       Evoke Flight      |       |       |     3 ||     3
Evoke: Wand              |       |       |     5 ||     5
  Use: Potion            |       |     6 |     7 ||    13
       Scroll            |       |     6 |     5 ||    11
 Stab: Sleeping          |       |     2 |    13 ||    15
  Eat: Chunk             |     2 |    12 |     7 ||    21
       Ration            |       |       |     6 ||     6
Armor: Skin              |    56 |    55 |   146 ||   257
Dodge: Dodged            |    94 |   161 |   276 ||   531
